 Dungeon Crawl Stone Soup version 0.21-a0-504-g2eda330 (webtiles) character file.

57 4thArraOfDagon the Firebug (level 3, 0/19 HPs)
             Began as a Deep Elf Fire Elementalist on Nov 26, 2017.
             Slain by a hound (5 damage)
             ... on level 5 of the Dungeon.
             The game lasted 00:02:11 (560 turns).

4thArraOfDagon the Firebug (DEFE)                    Turns: 560, Time: 00:02:11

Health: 0/19       AC:  2    Str:  5    XL:     3   Next: 73%
Magic:  2/10       EV: 13    Int: 20    God:
Gold:   68         SH:  0    Dex: 15    Spells: 8/9 levels left

rFire    . . .     SeeInvis .   g - +0 quarterstaff
rCold    . . .     Gourm    .   (shield currently unavailable)
rNeg     . . .     Faith    .   a - +0 robe
rPois    .         Spirit   .   (no helmet)
rElec    .         Reflect  .   (no cloak)
rCorr    .         Harm     .   (no gloves)
MR       .....                  (no boots)
Stlth    ++........             (no amulet)
HPRegen  0.06/turn              (no ring)
MPRegen  0.12/turn              (no ring)

@: no status effects
A: no striking features
a: no special abilities


You were on level 5 of the Dungeon.
You were not hungry.

You visited 1 branch of the dungeon, and saw 5 of its levels.

You collected 68 gold pieces.

Inventory:

Hand Weapons
 g - a +0 quarterstaff (weapon)
Armour
 a - a +0 robe (worn)
Scrolls
 k - a scroll of amnesia
Potions
 d - 2 potions of degeneration {unknown}
 e - a potion of haste {unknown}
 h - a potion of mutation {unknown}
 j - a potion of brilliance {unknown}
 l - a potion of curing {unknown}
 m - 2 potions of agility {unknown}
Books
 b - a book of Flames

   Spells                             Type                      Level
   a - Flame Tongue                   Conjuration/Fire             1
   b - Throw Flame                    Conjuration/Fire             2
   c - Conjure Flame                  Conjuration/Fire             3
   d - Inner Flame                    Hexes/Fire                   3
   e - Sticky Flame                   Conjuration/Fire             4
   f - Fireball                       Conjuration/Fire             5
Comestibles
 c - 2 bread rations
 f - a meat ration


   Skills:
 - Level 2.4 Dodging
 - Level 2.4 Stealth
 + Level 3.6 Spellcasting
 * Level 2.6 Conjurations
 * Level 4.1 Fire Magic


You had 8 spell levels left.
You knew the following spells:

 Your Spells              Type           Power        Failure   Level  Hunger
a - Flame Tongue          Conj/Fire      ###..        3%          1    None


Dungeon Overview and Level Annotations

Branches:
Dungeon (5/15)
 Temple: D:4-7

Altars:


Message History

Aim: a hound (almost dead)
The flame tongue hits the hound.
You kill the hound!
Your Fire Magic skill increases to level 4!
You have reached level 3!
Your experience leads to an increase in your attributes!
Increase (S)trength, (I)ntelligence, or (D)exterity?
You feel clever. The hound bites you.
* * * LOW HITPOINT WARNING * * *
Unknown command.
Casting: Flame Tongue
Confirm with . or Enter, or press ? or * to list all spells.
Aiming: Flame Tongue
Press: ? - help, Shift-Dir - straight line, f - hound
Aim: a hound The flame tongue hits the hound.
The hound is moderately wounded.
The hound bites you.
You die...

..#......? #....#......#
##...........#
##..#.........###
#####..#...# ......#
..####..>......# .......
...............# .......
.#####.........####....h..
#..........@h...Z(...
#............###.....
#........##### ...
....###....# .
#..###..#.## .... #.....#
..........### ...# ...#.#
.


You could see 2 hounds and a hound skeleton.

Vanquished Creatures
  A hound (D:5)
  An ooze (D:2)
  A leopard gecko (D:1)
  An orc (D:4)
  A ball python (D:1)
  2 bats
  A giant cockroach (D:4)
  3 goblins
  4 hobgoblins (D:2)
  A kobold (D:2)
16 creatures vanquished.

Notes
Turn   | Place    | Note
-------+----------+-------------------------------------------
     0 | D:1      | 4thArraOfDagon the Deep Elf Fire Elementalist began the quest for the Orb.
     0 | D:1      | Reached XP level 1. HP: 10/10 MP: 6/6
   243 | D:2      | Reached XP level 2. HP: 15/15 MP: 6/8
   524 | D:5      | Entered Level 5 of the Dungeon
   543 | D:5      | Noticed a crimson imp
   559 | D:5      | Reached skill level 4 in Fire Magic
   559 | D:5      | Reached XP level 3. HP: 7/19 MP: 3/10
   560 | D:5      | Slain by a hound

Vault maps used:
D:1:      erik_arrival_blinker_ship
D:2:      first_bread, uniq_sigmund
D:3:      kennysheep_small_spiral, minmay_ogre_servants, uniq_terence
D:5:      grunt_temple_overflow_open, serial_shops, nicolae_shop_trees,
          serial_glass, glass_columns_b, glass_columns_c, glass_columns_a,
          glass_columns_a, glass_columns_c, glass_columns_a, glass_columns_c,
          glass_columns_b

Skill      XL: |  1  2 |
---------------+-------+-----
Conjurations   | 2 |  2.6
Fire Magic     | 4 |  4.1
Dodging        | |  2.4
Stealth        | |  2.4
Spellcasting   | |  3.6

Action                   || total
-------------------------++-------
Melee: Quarterstaff      ||     3
 Cast: Flame Tongue      ||    29
  Use: Scroll            ||     4
Armor: Robe              ||     2
Dodge: Dodged            ||    11

Table legend:
 A = Spawn XP
 B = Non-spawn XP
 C = Spawn XP percentage of total XP
 D = Spawn monster count
 E = Non-spawn monster count
 F = Spawn count percentage of total count
 G = Total turns spent on level
                    A         B        C        D         E        F      G
               +---------+---------+-------+---------+---------+-------+---------
         Total |       0 |      82 |   0.0 |       0 |      16 |   0.0 |   560
               +---------+---------+-------+---------+---------+-------+---------
           D:1 |       0 |       9 |   0.0 |       0 |       4 |   0.0 |   219
           D:2 |       0 |      22 |   0.0 |       0 |       9 |   0.0 |   246
           D:4 |       0 |       5 |   0.0 |       0 |       2 |   0.0 |    42
           D:5 |       0 |      46 |   0.0 |       0 |       1 |   0.0 |    36
               +---------+---------+-------+---------+---------+-------+---------
